 Dungeon Crawl Stone Soup version 0.27-a0-1202-ge72e49191c (webtiles) character file.

Game seed: 9357548163017163576

5468 Delamore the Spear-Bearer (level 11, 0/79 HPs)
             Began as a Formicid Fighter on June 3, 2021.
             Was an Initiate of Gozag.
             Slain by a killer bee (1 damage)
             ... on level 8 of the Dungeon.
             The game lasted 00:11:48 (9541 turns).

Delamore the Spear-Bearer (Formicid Fighter)        Turns: 9541, Time: 00:11:49

Health: 0/79       AC: 11    Str: 24 (25) XL:     11   Next: 0%
Magic:  11/11      EV:  8    Int:  4 (7)  God:    Gozag
Gold:   348        SH: 15    Dex: 12 (14) Spells: 10/10 levels left

rFire    + . .     SeeInvis +   a - +0 trident
rCold    + . .     Faith    .   c - +0 kite shield
rNeg     . . .     Spirit   .   b - +0 scale mail
rPois    +         Reflect  +   (helmet unavailable)
rElec    +         Harm     .   (no cloak)
rCorr    +         Rampage  .   (no gloves)
Will     +....                  y - -1 pair of boots "Wahutiga" {Dex+4 Stlth+}
Stlth    +.........             r - amulet of reflection
HPRegen  0.23/turn              l - +4 ring of protection
MPRegen  0.12/turn              (no ring)

@: lethally poisoned (0 -> -7), resistant, gold aura, very slightly
contaminated, invisible
A: permanent stasis, dig shafts and tunnels, antennae 3, four strong arms
a: Dig, Shaft Self, Renounce Religion, Potion Petition, Call Merchant, Bribe
Branch


You were on level 8 of the Dungeon.
You worshipped Gozag.
Gozag was aware of your devotion.
You visited 1 branch of the dungeon, and saw 8 of its levels.

You collected 2444 gold pieces.
You spent 840 gold pieces at shops.
You paid 1256 gold pieces to Gozag.

Inventory:

Hand Weapons
 a - a +0 trident (weapon)
 o - a +5 glaive of protection
Missiles
 i - 10 boomerangs
 s - 9 javelins (quivered)
 w - 3 throwing nets
Armour
 b - a +0 scale mail (worn)
 c - a +0 kite shield (worn)
 y - the -1 pair of boots "Wahutiga" (worn) {Dex+4 Stlth+}
   (You bought it in a shop on level 7 of the Dungeon)

   It affects your dexterity (+4).
   It makes you more stealthy.
Jewellery
 l - a +4 ring of protection (left hand)
 r - an amulet of reflection (around neck)
 z - an amulet of faith
 A - a +6 ring of dexterity
 C - a ring of ice
Wands
 g - a wand of mindburst (3)
 n - a wand of iceblast (4)
 B - a wand of paralysis (9)
Scrolls
 j - a scroll of noise {unknown}
 p - 2 scrolls of magic mapping
 q - 3 scrolls of teleportation {unknown}
 v - 5 scrolls of enchant armour {unknown}
Potions
 d - 4 potions of might
 e - 2 potions of mutation
 f - a potion of brilliance
 h - a potion of haste
 k - a potion of berserk rage
 m - a potion of flight


   Skills:
 + Level 5.1 Fighting
 - Level 14.0 Polearms
 + Level 0.6 Throwing
 - Level 5.0 Armour
 + Level 5.0 Shields


You had 10 spell levels left.
You didn't know any spells.
Your spell library contained the following spells:

 Spells                   Type           Power      Damage    Failure   Level
 Foxfire                  Conj/Fire      0%         2x1d4     97%         1
 Magic Dart               Conj           0%         1d3       97%         1
 Sting                    Tmut/Pois      0%         1d3       97%         1
 Summon Small Mammal      Summ           0%         N/A       97%         1
 Call Imp                 Summ           0%         N/A       99%         2
 Poisonous Vapours        Pois/Air       0%         N/A       99%         2
 Searing Ray              Conj           0%         3d3       99%         2
 Call Canine Familiar     Summ           0%         N/A       100%        3
 Conjure Flame            Conj/Fire      0%         6-21      100%        3
 Dazzling Flash           Conj/Hex       0%         N/A       100%        3
 Ignite Poison            Fire/Tmut/Pois 0%         N/A       100%        3
 Inner Flame              Hex/Fire       0%         N/A       100%        3
 Mephitic Cloud           Conj/Pois/Air  0%         N/A       100%        3
 Summon Guardian Golem    Hex/Summ       0%         N/A       100%        3
 Fulminant Prism          Conj/Hex       0%         3d6       100%        4
 Iskenderun's Mystic Bla  Conj/Tloc      0%         2d3       100%        4
 Olgreb's Toxic Radiance  Pois           0%         N/A       100%        4
 Sticky Flame             Conj/Fire      0%         2d3       100%        4
 Summon Ice Beast         Ice/Summ       0%         N/A       100%        4
 Summon Lightning Spire   Summ/Air       0%         N/A       100%        4
 Bolt of Magma            Conj/Fire/Erth 0%         4d4       100%        5
 Fireball                 Conj/Fire      0%         3d3       100%        5
 Iskenderun's Battlesphe  Conj           0%         2d6       100%        5
 Iron Shot                Conj/Erth      0%         9d1       100%        6
 Orb of Destruction       Conj           0%         N/A       100%        7
 Spellforged Servitor     Conj/Summ      0%         N/A       100%        7


Dungeon Overview and Level Annotations

Branches:
Dungeon (8/15)             Temple (0/1) D:7
   Lair: D:8-11

Altars:
Dithmenos
Fedhas
Gozag
Okawaru
Sif Muna
Trog
Uskayaw
Vehumet
Wu Jian
Zin
The Shining One

Shops:
D:4 ?   D:7 [[


Innate Abilities, Weirdness & Mutations

You cannot be hasted, slowed, berserked, paralysed or teleported.
You can dig through walls and to a lower floor.
You have a pair of large antennae on your head. (SInv)
Your four strong arms can wield two-handed weapons with a shield.


Message History

You feel very sick. You block the killer bee's attack. x2
Okay, then.
You hit the killer bee.
You kill the killer bee!
You feel sick. You block the killer bee's attack.
You have reached level 11!
You closely miss the killer bee.
You feel sick. The killer bee stings you.
* * * LOW HITPOINT WARNING * * *
You are lethally poisoned!
The killer bee poisons you!
You miss the killer bee.
* * * LOW HITPOINT WARNING * * *
You feel very sick. You block the killer bee's attack.
The killer bee stings you but does no damage.
You miss the killer bee.
* * * LOW HITPOINT WARNING * * *
You feel very sick. You block the killer bee's attack.
It was a potion of invisibility.
You fade into invisibility!
* * * LOW HITPOINT WARNING * * *
You feel very sick.
The killer bee stings you but does no damage.
You block the killer bee's attack.
You are very lightly contaminated with residual magic.
It was a potion of resistance.
You feel protected.
* * * LOW HITPOINT WARNING * * *
You feel very sick. You block the killer bee's attack.
The killer bee stings you but does no damage.
It was a potion of degeneration.
There was something very wrong with that liquid.
You feel weakened.
You feel dopey.
You feel clumsy.
* * * LOW HITPOINT WARNING * * *
You feel sick. The killer bee stings you.
You die...
Your body crumbles into a pile of gold.

#.......#...##.#...)....
........+...#...........
#.......##..#...........
##......................
########.......Z.......
#........#y ###....###.#
#.....####.#
#.......@y.#
#.....###### #..........
#.....##### #.....#
#.....# #.....# #######


You could see a killer bee.

Vanquished Creatures
  Harold (D:7)
  Pikel (D:7)
  An unseen horror (D:6)
  Prince Ribbit (D:7)
  Sigmund (D:2)
  A vampire (D:7)
  4 wyverns
  4 black bears
  An ice beast (D:5)
  An orc warrior (D:8)
  3 sky beasts
  2 necrophages
  3 ogres
  2 centaurs (D:7)
  3 lemures (D:7)
  A phantom (D:4)
  A bullfrog (D:5)
  4 scorpions
  A water moccasin zombie (D:5)
  A water moccasin skeleton (D:5)
  8 killer bees
  A howler monkey (D:5)
  A bullfrog zombie (D:6)
  6 hounds
  2 jellies (D:6)
  2 iguanas
  Terence (D:2)
  3 orc wizards
  A hound skeleton (D:4)
  2 howler monkey zombies
  4 howler monkey skeletons
  5 adders
  3 gnolls
  10 river rats (D:6)
  A white imp (D:6)
  An ufetubus (D:5)
  An adder skeleton (D:4)
  3 worms
  A dart slug (D:5)
  12 orcs
  2 bats (D:1)
  2 endoplasms
  4 giant cockroaches
  7 goblins
  2 hobgoblins (D:1)
  3 jackals (D:5)
  6 kobolds
  4 quokkas
  6 ball pythons
  5 frilled lizards
  15 rats
161 creatures vanquished.

Notes
Turn   | Place    | Note
-------+----------+-------------------------------------------
     0 | D:1      | Delamore the Formicid Fighter began the quest for the Orb.
     0 | D:1      | Reached XP level 1. HP: 18/18 MP: 1/1
   335 | D:1      | Found a faded altar of an unknown god.
   351 | D:1      | Became a worshipper of Gozag Ym Sagoz the Greedy
   361 | D:1      | Reached XP level 2. HP: 24/24 MP: 2/2
   783 | D:1      | Reached XP level 3. HP: 30/30 MP: 3/3
   979 | D:2      | Reached skill level 3 in Polearms
  1094 | D:2      | Reached XP level 4. HP: 37/37 MP: 4/4
  1119 | D:2      | Noticed Sigmund
  2106 | D:3      | Identified a scroll of acquirement
  2106 | D:3      | Acquired 591 gold pieces
  2149 | D:4      | Found a blossoming altar of Fedhas.
  2240 | D:4      | Noticed a phantom
  2253 | D:4      | Killed a phantom
  2254 | D:4      | Reached skill level 4 in Polearms
  2254 | D:4      | Reached XP level 5. HP: 22/42 MP: 5/5
  2460 | D:4      | Reached XP level 6. HP: 47/49 MP: 6/6
  2518 | D:4      | Found a bloodstained altar of Trog.
  2518 | D:4      | Noticed a black bear
  2518 | D:4      | Noticed a black bear
  2529 | D:5      | Entered Level 5 of the Dungeon
  2633 | D:4      | Killed a black bear
  2634 | D:4      | Reached skill level 5 in Shields
  2676 | D:4      | Found Ydecir Pigo's Magic Scroll Emporium.
  2692 | D:4      | Killed a black bear
  2693 | D:4      | Reached skill level 5 in Fighting
  2693 | D:4      | Reached skill level 5 in Polearms
  2693 | D:4      | Reached XP level 7. HP: 38/56 MP: 7/7
  2801 | D:4      | Bought a scroll of acquirement for 520 gold pieces
  2801 | D:4      | Bought a scroll of magic mapping for 35 gold pieces
  2801 | D:4      | Acquired a +5 glaive of protection
  3050 | D:4      | Found a radiant altar of Vehumet.
  3354 | D:4      | Found a shimmering blue altar of Sif Muna.
  3874 | D:2      | Noticed Terence
  3890 | D:2      | Killed Terence
  3952 | D:2      | Killed Sigmund
  3953 | D:2      | Reached skill level 6 in Polearms
  4109 | D:5      | Reached skill level 7 in Polearms
  4361 | D:5      | Reached XP level 8. HP: 62/62 MP: 8/8
  4426 | D:5      | Found a hide-covered altar of Uskayaw.
  5323 | D:5      | Reached skill level 8 in Polearms
  5529 | D:5      | Noticed a wyvern
  5552 | D:5      | Killed a wyvern
  5553 | D:5      | Reached skill level 9 in Polearms
  5553 | D:5      | Reached XP level 9. HP: 26/68 MP: 9/9
  5570 | D:5      | Reached skill level 5 in Armour
  6109 | D:5      | Reached skill level 10 in Polearms
  6958 | D:6      | Reached skill level 11 in Polearms
  7379 | D:6      | Found an ornate altar of the Wu Jian Council.
  7395 | D:6      | Found a glowing silver altar of Zin.
  7405 | D:6      | Noticed an unseen horror
  7412 | D:6      | Killed an unseen horror
  7413 | D:6      | Reached XP level 10. HP: 57/74 MP: 10/10
  7897 | D:6      | Reached skill level 12 in Polearms
  8070 | D:7      | Noticed Prince Ribbit
  8082 | D:7      | Killed Prince Ribbit
  8162 | D:7      | Found a shadowy altar of Dithmenos.
  8162 | D:7      | Found an iron altar of Okawaru.
  8256 | D:7      | Found a glowing golden altar of the Shining One.
  8267 | D:7      | Found a staircase to the Ecumenical Temple.
  8277 | D:7      | Noticed Pikel
  8333 | D:7      | Killed Pikel
  8718 | D:7      | Reached skill level 13 in Polearms
  9089 | D:7      | Noticed Harold
  9105 | D:7      | Killed Harold
  9205 | D:7      | Bought a pair of dazzling boots for 285 gold pieces
  9205 | D:7      | Identified the -1 pair of boots "Wahutiga" {Dex+4 Stlth+}
                  | (You bought it in a shop on level 7 of the Dungeon)
  9521 | D:8      | Reached skill level 14 in Polearms
  9536 | D:8      | Reached XP level 11. HP: 19/79 MP: 11/11
  9540 | D:8      | HP: 2/79 [poisoned by a killer bee]
  9541 | D:8      | Slain by a killer bee

Illustrated notes

Levels and vault maps discovered:
D:1:      heliophobic_arrival_dark_side_of_the_moon, layout_loops_ring,
          hellmonk_ecumenical_altar_lost_god
D:2:      layout_basic, chequers_mini_garden, uniq_sigmund, uniq_terence
D:3:      layout_basic
D:4:      layout_layer_cave, trog_ov_bears_minmay, fedhas_altar_2,
          nicolae_sif_muna_little_library, vehumet_crystals, serial_shops,
          nicolae_shop_window_shopping
D:5:      minmay_polygon_palace, layout_layer_cave, lemuel_doored_altar
D:6:      layout_rooms, zin_statuary, lemuel_crystal_altar, serial_bayou_ford_a,
          dk_rats_in_the_wall
D:7:      layout_cave_pools, lemuel_crystal_altar, lemuel_crystal_altar,
          okawaru_metal_pillars_1_2, minmay_temple_entry_statues_fountains,
          due_unseen_surprise, uniq_pikel, uniq_harold, uniq_prince_ribbit1
D:8:      layout_basic, general_overflow_altar

Skill      XL: |  1  2  3  4  5  6  7  8  9 10 |
---------------+-------------------------------+-----
Shields        | 4 5 |  5.0
Polearms       | 3 4 5 7 9 11 14 | 14.0
Fighting       | 4 5 |  5.1
Armour         | 4 5 |  5.0
Throwing       | |  0.6

Action                   |  1- 3 |  4- 6 |  7- 9 | 10-12 || total
-------------------------+-------+-------+-------+-------++-------
Melee: Trident           |    59 |    83 |   411 |   286 ||   839
Throw: Javelin           |       |     5 |     7 |       ||    12
       Boomerang         |       |    12 |     2 |       ||    14
Invok: Call Merchant     |       |       |       |     2 ||     2
 Abil: Dig               |       |     2 |       |     6 ||     8
Evoke: Wand              |       |       |     1 |     4 ||     5
  Use: Scroll            |     3 |     1 |     1 |     3 ||     8
       Potion            |       |       |     2 |     9 ||    11
 Stab: Held in net/web   |       |       |       |     1 ||     1
Armor: Scale mail        |    18 |    42 |   110 |    48 ||   218
Dodge: Dodged            |    13 |    31 |   100 |    37 ||   181
Block: Kite shield       |    22 |    44 |   294 |   142 ||   502
       Reflection        |       |       |     1 |     9 ||    10

Table legend: (Time is in decaauts)
 A = Elapsed time spent in this place.
 B = Non-inter-level travel time spent in this place.
 C = Inter-level travel time spent in this place.
 D = Time resting spent in this place.
 E = Time spent auto-exploring this place.
 F = Levels seen in this place.
 G = Mean time per level.
                   A        B        C        D        E       F      G
               +--------+--------+--------+--------+--------+-----+--------+
         Total |   9551 |   9216 |    335 |   1732 |   5907 |   8 | 1193.9 |
       Dungeon |   9551 |   9216 |    335 |   1732 |   5907 |   8 | 1193.9 |
               +--------+--------+--------+--------+--------+-----+--------+

Top non-repeatable levels by time:
     D:5: 2715 daAuts
     D:4: 1473 daAuts
     D:6: 1330 daAuts
     D:1: 1264 daAuts
     D:7: 1156 daAuts
     D:3: 718 daAuts
     D:2: 591 daAuts
     D:8: 300 daAuts
